 Dungeon Crawl Stone Soup version 0.22-a0-445-g8c8ef71 (webtiles) character file.

228 Gorglomux the Shield-Bearer (level 5, -12/50 HPs)
             Began as a Deep Dwarf Fighter on June 2, 2018.
             Mangled by an ogre
             ... wielding a +0 giant club
              (28 damage)
             ... on level 4 of the Dungeon.
             The game lasted 00:01:19 (1132 turns).

Gorglomux the Shield-Bearer (Deep Dwarf Fighter)    Turns: 1132, Time: 00:01:20

Health: -12/50     AC:  7    Str: 21    XL:     5   Next: 70%
Magic:  5/5        EV:  7    Int:  8    God:
Gold:   129        SH: 10    Dex: 12    Spells: 4/4 levels left

rFire    . . .     SeeInvis .   a - +0 war axe
rCold    . . .     Gourm    .   c - +0 shield
rNeg     . . .     Faith    .   b - +0 scale mail
rPois    .         Spirit   .   (no helmet)
rElec    .         Reflect  .   (no cloak)
rCorr    .         Harm     .   (no gloves)
MR       .....     Rnd*Tele +   (no boots)
Stlth    ..........             (no amulet)
HPRegen  0.00/turn              t - ring of teleportation (curse)
MPRegen  0.09/turn              (no ring)

@: non-regenerating
A: damage resistance, heal wounds, sense surroundings 1, no regeneration
a: Heal Wounds


You were on level 4 of the Dungeon.
You were not hungry.

You visited 1 branch of the dungeon, and saw 4 of its levels.

You collected 129 gold pieces.

Inventory:

Hand Weapons
 a - a +0 war axe (weapon)
Armour
 b - a +0 scale mail (worn)
 c - a +0 shield (worn)
Jewellery
 t - a cursed ring of teleportation (left hand)
Scrolls
 g - 3 scrolls of identify {unknown}
 h - a scroll of enchant armour {unknown}
 u - a scroll of fear {unknown}
 v - a scroll of noise {unknown}
 y - a scroll of immolation {unknown}
 A - a scroll of random uselessness {unknown}
 B - a scroll of enchant weapon {unknown}
Potions
 d - 2 potions of might
 x - 2 potions of curing {unknown}
 z - a potion of flight {unknown}
Comestibles
 f - 3 rations
 w - 3 chunks of flesh


   Skills:
 + Level 3.7 Fighting
 + Level 3.7 Axes
 + Level 4.5 Armour
 + Level 4.5 Shields


You had 4 spell levels left.
You didn't know any spells.
Your spell library was empty.

Dungeon Overview and Level Annotations

Branches:
Dungeon (4/15)
 Temple: D:4-7

Altars:
Nemelex Xobeh


Innate Abilities, Weirdness & Mutations

You are resistant to damage.
You can heal yourself by infusing magical energy.
You passively map a small area around you.
You do not regenerate.


Message History

The ogre is moderately wounded!
You block the ogre's attack!
You feel much better! The ogre hits you with a giant club!
You dice the ogre like an onion!!!
The butt is severely wounded!
The ogre hits you with a giant club!!!
Your butt mail prevents you from hitting the ogre!
The ogre is severely wounded!
The ogre barely misses you!
You dice the ogre but do no damage!
The butt is severely wounded!
The butt hits you with a giant club!!!
You dice the ogre like an onion!
The ogre is almost dead!
The ogre hits you with a giant club!
You barely miss the ogre!
The ogre is almost dead!
The ogre hits you with a giant club!!!!!!
DANG rip

#...##..... , ...
.##.,* ##.### ..*
..##. # #.# , ,, ..
,..##..# ##.## * , .
#.##..###...## , #.*
#............. * ,
#.#####.#####.#...##
,* #.......# #.#..##
* , #.O@....# #.#.##
#........#.# #.#.#
####...#.#.#####.#.#
* #..##.#.......#.#
#........#.####.#
##.##.##........# #.
#.####.###### #)*#.#
#.# * #.#


You could see an ogre.

Vanquished Creatures
  A scorpion (D:2)
  An orc priest (D:3)
  Natasha (twice) (D:3)
  3 adders
  An ooze (D:4)
  2 worms (D:2)
  2 dart slugs
  A leopard gecko (D:3)
  3 orcs (D:3)
  3 bats
  13 giant cockroaches
  5 goblins
  2 hobgoblins (D:1)
  2 jackals (D:1)
  3 frilled lizards (D:3)
  9 kobolds
  6 rats
59 creatures vanquished.

Notes
Turn   | Place    | Note
-------+----------+-------------------------------------------
     0 | D:1      | Gorglomux the Deep Dwarf Fighter began the quest for the Orb.
     0 | D:1      | Reached XP level 1. HP: 20/20 MP: 1/1
   110 | D:1      | Reached XP level 2. HP: 24/27 MP: 2/2
   248 | D:1      | Reached skill level 3 in Fighting
   456 | D:1      | Found a sparkling altar of Nemelex Xobeh.
   555 | D:2      | Noticed a scorpion
   557 | D:2      | Reached XP level 3. HP: 25/34 MP: 3/3
   565 | D:2      | Killed a scorpion
   565 | D:2      | Reached skill level 3 in Axes
   565 | D:2      | Reached XP level 4. HP: 30/42 MP: 4/4
   683 | D:3      | Reached XP level 5. HP: 32/49 MP: 5/5
   866 | D:3      | Noticed Natasha
   878 | D:3      | Killed Natasha
  1081 | D:3      | Noticed Natasha
  1086 | D:3      | Killed Natasha
  1121 | D:4      | Noticed an ogre
  1132 | D:4      | Mangled by an ogre

Vault maps used:
D:1:      matt_arrival_diagonals, nemelex_diamond_rough_becter
D:2:      first_ration, moated_statue, minivault_14, uniq_crazy_yiuf_cottage,
          uniq_terence
D:3:      minmay_roachtagon, uniq_natasha

Skill      XL: |  1  2  3  4 |
---------------+-------------+-----
Fighting       | 3 |  3.7
Axes           | 3 |  3.7
Shields        | 4 |  4.5
Armour         | 4 |  4.5

Action                   |  1- 3 |  4- 6 || total
-------------------------+-------+-------++-------
Melee: War axe           |    73 |   126 ||   199
 Abil: Heal Wounds       |       |     3 ||     3
  Eat: Chunk             |       |     1 ||     1
Armor: Scale mail        |    30 |    56 ||    86
Dodge: Dodged            |    23 |    54 ||    77
Block: Shield            |    38 |    57 ||    95

Table legend:
 A = Spawn XP
 B = Non-spawn XP
 C = Spawn XP percentage of total XP
 D = Spawn monster count
 E = Non-spawn monster count
 F = Spawn count percentage of total count
 G = Total turns spent on level
                    A         B        C        D         E        F      G
               +---------+---------+-------+---------+---------+-------+---------
         Total |       0 |     326 |   0.0 |       0 |      59 |   0.0 |  1132
               +---------+---------+-------+---------+---------+-------+---------
           D:1 |       0 |      36 |   0.0 |       0 |      22 |   0.0 |   550
           D:2 |       0 |     103 |   0.0 |       0 |      10 |   0.0 |    91
           D:3 |       0 |     180 |   0.0 |       0 |      26 |   0.0 |   454
           D:4 |       0 |       7 |   0.0 |       0 |       1 |   0.0 |    37
               +---------+---------+-------+---------+---------+-------+---------
